 Dungeon Crawl Stone Soup version 0.30-a0-757-ga6a79fd877 (webtiles) character file.

Game seed: 10284906287304968245

102 cheesebisquit the Digger (level 4, -9/24 HPs)
             Began as a Gargoyle Earth Elementalist on Feb 9, 2023.
             Mangled by a gnoll
             ... wielding a +0 flail of distortion
              (13 damage)
             ... on level 3 of the Dungeon.
             The game lasted 00:06:31 (2173 turns).

cheesebisquit the Digger (GrEE)                     Turns: 2173, Time: 00:06:32

Health: -9/24      AC:  6    Str: 11    XL:     4   Next: 78%
Magic:  8/8        EV: 11    Int: 24    God:
Gold:   82         SH:  3    Dex: 10    Spells: 7/8 levels left

rFire   . . .      SeeInvis .    q - staff of earth
rCold   . . .      Faith    .    d - +0 buckler
rNeg    + + .      Spirit   .    a - +0 robe
rPois   ∞          Reflect  .    (no helmet)
rElec   +          Harm     .    (no cloak)
rCorr   .          Rampage  .    (no gloves)
Will    .....                    k - +0 pair of boots
Stlth   ++                       (no amulet)
HPRegen 0.24/turn                m - +6 ring of intelligence
MPRegen 0.11/turn                s - ring of positive energy

@: no status effects
A: sickness immunity, AC +3, negative energy resistance 1, electricity
resistance, torment resistance 1, petrification resistance
a: no special abilities


You were on level 3 of the Dungeon.
You visited 1 branch of the dungeon, and saw 3 of its levels.

You collected 163 gold pieces.
You spent 81 gold pieces at shops.

Inventory:

Armour
 a - a +0 robe (worn)
 d - a +0 buckler (worn)
 k - a +0 pair of boots (worn)
Magical Staves
 q - a staff of earth (weapon)
Jewellery
 m - a +6 ring of intelligence (left hand)
 s - a ring of positive energy (right hand)
Scrolls
 c - 3 scrolls of teleportation {unknown}
 e - 5 scrolls of identify {unknown}
 f - a scroll of noise {unknown}
 g - a scroll of fear {unknown}
 h - a scroll of enchant armour {unknown}
 l - 2 scrolls of enchant weapon {unknown}
 n - a scroll of brand weapon {unknown}
 o - a scroll of blinking {unknown}
 p - a scroll of poison {unknown}
Potions
 b - a potion of magic
 i - a potion of brilliance {unknown}
 j - a potion of mutation {unknown}
 r - 2 potions of curing {unknown}


   Skills:
 + Level 0.2 Staves
 - Level 1.5 Dodging
 - Level 2.1 Stealth
 + Level 2.8 Spellcasting
 - Level 0.7 Transmutations
 * Level 5.7 Earth Magic
 + Level 0.2 Evocations


You had 7 spell levels left.
You knew the following spells:

 Your Spells              Type           Power      Damage    Failure   Level
a - Sandblast             Erth           92%        2d19      1%          1

Your spell library contained the following spells:

 Spells                   Type           Power      Damage    Failure   Level
 Passwall                 Tmut/Erth      23%        N/A       6%          2
 Stone Arrow              Conj/Erth      50%        3d10      14%         3
 Petrify                  Tmut/Erth      28%        N/A       36%         4


Dungeon Overview and Level Annotations

Branches:
Dungeon (3/15)

Altars:

Shops:
D:2 [


Innate Abilities, Weirdness & Mutations

You are immune to sickness and miasma.
Your stone body is resilient. (AC +3)
You are immune to poison.
You resist negative energy. (rN+)
You are resistant to electric shocks. (rElec)
You are resistant to unholy torment.
You are immune to petrification.


Message History

You kill the worm!
An adder comes into view.
You feel a surge of power!
The blast of sand hits the adder!
The adder is almost dead.
The adder hisses angrily.
You feel a surge of power!
The blast of sand hits the adder!!
You kill the adder!
You now have 69 gold pieces (gained 9).
You open the door.
There is an open door here.
Found 5 javelins.
You now have 82 gold pieces (gained 13).
As you open the door, it creaks loudly!
Found a scroll labelled KOK WYXOAXZY.
There is an open door here.
e - 5 scrolls labelled KOK WYXOAXZY (gained 1)
Found a mace.
A giant cockroach comes into view.
You feel a surge of power!
The blast of sand hits the giant cockroach!
You kill the giant cockroach!
s - a ring of positive energy
s - a ring of positive energy (right hand)
You see here a +0 mace.
You open the door.
There is an open door here.
Found 5 stones.
You see here 5 stones.
Found a stone staircase leading up. 3 gnolls come into view.
A gnoll is wielding a +0 flail of distortion.
The gnoll shouts!
You block the gnoll's attack.
The gnoll hits you from afar with a +0 halberd!
There is a stone staircase leading up here.
The gnoll hits you with a +0 flail of distortion!
* * * LOW HITPOINT WARNING * * *
Space warps horribly around you!
Ouch! That really hurt!
You die...

### ########################
..##.......................#
..............############.#
..#......................#.#
###............#########.#.#
###............#@g.....#.#.#
...............#..gg...#.#.#
..........>....#.#######.#.#
###............#..(......#.#
#........#+#...###########.#
..#.####.#.#.#...........#.#
###.# ##+#.#.###########.#.#
....# #....#.......).....#.#
#######............#######.#


You could see 3 gnolls.

Vanquished Creatures
  4 adders
  2 worms
  4 dart slugs
  3 orcs (D:3)
  4 endoplasms
  A giant cockroach (D:3)
  3 goblins (D:1)
  5 hobgoblins
  3 jackals (D:1)
  6 kobolds
  A quokka (D:2)
  2 ball pythons
  4 bats
  5 frilled lizards
  4 rats
51 creatures vanquished.

Notes
Turn   | Place    | Note
-------+----------+-------------------------------------------
     0 | D:1      | cheesebisquit the Gargoyle Earth Elementalist began the
                  | quest for the Orb.
     0 | D:1      | Reached XP level 1. HP: 10/10 MP: 3/3
    63 | D:1      | You fall into a shaft and drop 1 floor!
   198 | D:1      | Reached skill level 4 in Earth Magic
   198 | D:1      | Reached XP level 2. HP: 15/15 MP: 3/5
   487 | D:1      | Reached XP level 3. HP: 15/19 MP: 0/6
   904 | D:2      | Found Juarettu's Antique Armour Shop.
  1070 | D:2      | Bought a pair of boots for 81 gold pieces
  1167 | D:2      | Reached skill level 5 in Earth Magic
  1407 | D:2      | Reached XP level 4. HP: 24/24 MP: 6/8
  2173 | D:3      | Mangled by a gnoll

Illustrated notes

Levels and vault maps discovered:
D:1:      minmay_arrival_checkered_box, layout_rooms
D:2:      layout_loops_ring, serial_shops, shop_statue
D:3:      layout_basic, minmay_misc_feat_more_columns

Skill      XL: |  1  2  3 |
---------------+----------+-----
Earth Magic    | 4 5 |  5.7
Staves         | |  0.2
Dodging        | |  1.5
Stealth        | |  2.1
Spellcasting   | |  2.8
Transmutations | |  0.7
Evocations     | |  0.2

Action                     |  1- 3 |  4- 6 || total
---------------------------+-------+-------++-------
  Melee: Unarmed           |     3 |       ||     3
         Dagger            |    21 |       ||    21
         Club              |     4 |       ||     4
   Cast: Sandblast         |    49 |    21 ||    70
 Armour: Robe              |    14 |     1 ||    15
  Dodge: Dodged            |    30 |     1 ||    31
  Block: Buckler           |     9 |     1 ||    10

Table legend: (Time is in decaauts)
 A = Elapsed time spent in this place.
 B = Non-inter-level travel time spent in this place.
 C = Inter-level travel time spent in this place.
 D = Time resting spent in this place.
 E = Time spent auto-exploring this place.
 F = Levels seen in this place.
 G = Mean time per level.
                   A        B        C        D        E       F      G
               +--------+--------+--------+--------+--------+-----+--------+
         Total |   2207 |   2134 |     73 |      0 |   1780 |   3 |  735.7 |
       Dungeon |   2207 |   2134 |     73 |      0 |   1780 |   3 |  735.7 |
               +--------+--------+--------+--------+--------+-----+--------+

Top non-repeatable levels by time:
     D:2: 819 daAuts
     D:1: 769 daAuts
     D:3: 619 daAuts
